 Dungeon Crawl Stone Soup version 0.23.2-1-ga50397a (webtiles) character file.

Game seed: 5277646690878358416

4035 Kairos the Cruncher (level 10, -6/76 HPs)
             Began as a Formicid Fighter on Apr 20, 2019.
             Was a Believer of Dithmenos.
             Killed by the air
             ... invoked by Gastronok
              (14 damage)
             ... on level 8 of the Dungeon.
             The game lasted 00:10:30 (8825 turns).

Kairos the Cruncher (Formicid Fighter)              Turns: 8825, Time: 00:10:31

Health: -6/76      AC: 16    Str: 31    XL:     10   Next: 48%
Magic:  10/10      EV:  8    Int:  8    God:    Dithmenos [**....]
Gold:   669        SH: 18    Dex: 10    Spells: 9/9 levels left

rFire    . . .     SeeInvis +   a - +0 quarterstaff
rCold    . . .     Gourm    +   t - +0 large shield
rNeg     . . .     Faith    .   o - +1 chain mail
rPois    .         Spirit   .   (helmet unavailable)
rElec    .         Reflect  .   p - +0 cloak
rCorr    .         Harm     .   y - +0 pair of gloves
MR       +....                  (no boots)
Stlth    ..........             h - amulet of the gourmand
HPRegen  0.22/turn              j - +3 ring of protection
MPRegen  0.12/turn              m - +2 ring of strength

@: mighty, wreathed by umbra
A: permanent stasis, dig shafts and tunnels, four strong arms, antennae 3
a: Dig, Shaft Self, Shadow Step, Renounce Religion


You were on level 8 of the Dungeon.
You worshipped Dithmenos.
Dithmenos was pleased with you.
You were not hungry.

You visited 2 branches of the dungeon, and saw 9 of its levels.

You collected 669 gold pieces.

Inventory:

Hand Weapons
 a - a +0 quarterstaff (weapon)
Missiles
 k - 8 javelins (quivered)
Armour
 o - a +1 chain mail (worn)
 p - a +0 cloak (worn)
 t - a +0 large shield (worn)
 y - a +0 pair of gloves (worn)
Jewellery
 h - an amulet of the gourmand (around neck)
 j - a +3 ring of protection (left hand)
 m - a +2 ring of strength (right hand)
Wands
 c - a wand of digging (7)
 v - a wand of random effects (25)
Scrolls
 i - 5 scrolls of remove curse
 l - 7 scrolls of identify
 r - a scroll of enchant weapon {unknown}
 w - a scroll of vulnerability {unknown}
 x - a scroll of amnesia {unknown}
Potions
 b - a potion of agility
 e - 2 potions of magic
 g - 2 potions of curing
 q - a potion of heal wounds {unknown}
 s - a potion of degeneration {unknown}
 u - a potion of berserk rage {unknown}
 z - a potion of ambrosia {unknown}
Comestibles
 f - 13 rations


   Skills:
 + Level 6.1 Fighting
 * Level 10.5 Staves
 + Level 6.1 Armour
 + Level 3.0 Dodging
 + Level 1.2 Stealth
 + Level 8.7 Shields


You had 9 spell levels left.
You didn't know any spells.
Your spell library contained the following spells:

 Spells                   Type           Power        Failure   Level  Hunger
 Sandblast                Erth           #.....       100%        1    ##.....
 Passwall                 Tmut/Erth      #.......     100%        2    ###....
 Stone Arrow              Conj/Erth      #.....       100%        3    ####...
 Petrify                  Tmut/Erth      #.......     100%        4    #####..
 Lee's Rapid Deconstruct  Erth           #.........   100%        5    ######.


Dungeon Overview and Level Annotations

Branches:
Dungeon (8/15)             Temple (1/1) D:5
   Lair: D:8-11

Altars:
Ashenzari
Cheibriados
Dithmenos
Elyvilon
Fedhas
Gozag
Hepliaklqana
Kikubaaqudgha
Makhleb
Nemelex Xobeh
Qazlal
Ru
Sif Muna
Uskayaw
Vehumet
Wu Jian
Xom
Yredelemnul
Zin
The Shining One

Annotations:
D:8 Gastronok


Innate Abilities, Weirdness & Mutations

You cannot be hasted, slowed, berserked, paralysed or teleported.
You can dig through walls and to a lower floor.
Your four strong arms can wield two-handed weapons with a shield.
You have a pair of large antennae on your head. (SInv)


Message History

You sock Gastronok!
Gastronok is moderately wounded.
You block the bat's attack. x2
You sock Gastronok!
Gastronok is heavily wounded.
You block the bat's attack. x2
You hit Gastronok.
Gastronok is heavily wounded.
The bat hits you but does no damage. Gastronok bites you!!
* * * LOW HITPOINT WARNING * * *
You block the bat's attack. The bat barely misses you.
You sock Gastronok!
Gastronok is heavily wounded.
The bat hits you but does no damage. You block the bat's attack.
You thump Gastronok!
Gastronok is heavily wounded.
You block the bat's attack. The bat completely misses you.
Gastronok waves his eye-stalks in wide circles.
The air twists around and strikes you!
You die...

,* #{## #...# ,################
##.## #...#
,#...#..........#######.####...##
,+...+...........................
,#...#...........................
,#.....##.....................(((
,#.....##.###.)..............(...
.#....)##.###..bw..........).....
...>.†.)...##..b@............####
......###..##..................,,
....).###...#...................,
......+.....+..................!.
......###.#.#....................
......# #.#.####'########***,,,,,
......# #...............###*,,,,,
......# ###.####.###......#*,,,,,
######### #.# #.# #......#*,,,,,


You could see Gastronok and 2 bats.

Vanquished Creatures
  Joseph (D:7)
  Prince Ribbit (D:6)
  2 hippogriffs
  Sigmund (D:6)
  Menkaure (D:4)
  Duvessa (D:7)
  A water moccasin (D:8)
  An orc warrior (D:7)
  A black bear (D:8)
  3 ice beasts
  2 phantoms
  An ogre (D:4)
  2 centaurs
  2 big kobolds
  Dowan (D:7)
  3 scorpions
  A water moccasin skeleton (D:8)
  3 killer bees (D:7)
  A wight (D:7)
  A howler monkey (D:4)
  2 crimson imps
  2 hounds
  A centaur skeleton (D:5)
  2 jellies (D:5)
  5 orc priests
  7 worker ants
  A bullfrog skeleton (D:7)
  An iguana (D:7)
  6 orc wizards
  2 hound zombies
  A howler monkey zombie (D:5)
  A worker ant zombie (D:4)
  4 gnolls
  2 howler monkey skeletons (D:6)
  18 adders
  2 shadow imps (D:5)
  2 oozes
  An adder zombie (D:7)
  2 worms (D:2)
  A dart slug (D:1)
  7 leopard geckos
  24 orcs
  A ball python (D:3)
  7 giant cockroaches
  6 goblins
  8 hobgoblins
  19 jackals
  2 quokkas
  9 bats
  10 frilled lizards
  17 kobolds
  3 leopard gecko skeletons
  9 rats
215 creatures vanquished.

Notes
Turn   | Place    | Note
-------+----------+-------------------------------------------
     0 | D:1      | Kairos the Formicid Fighter began the quest for the Orb.
     0 | D:1      | Reached XP level 1. HP: 18/18 MP: 1/1
   115 | D:1      | Reached XP level 2. HP: 24/24 MP: 2/2
   856 | D:2      | Reached XP level 3. HP: 26/29 MP: 3/3
  1031 | D:2      | Reached XP level 4. HP: 30/37 MP: 4/4
  1176 | D:2      | Reached skill level 3 in Staves
  1424 | D:2      | Reached XP level 5. HP: 32/42 MP: 5/5
  1898 | D:2      | Found an ornate altar of the Wu Jian Council.
  1907 | D:2      | Found a basalt altar of Yredelemnul.
  2179 | D:3      | Reached skill level 1 in Dodging
  2249 | D:3      | Reached XP level 6. HP: 42/48 MP: 6/6
  2512 | D:3      | Found a shimmering altar of Xom.
  2654 | D:3      | Reached skill level 5 in Shields
  2710 | D:4      | Reached skill level 4 in Staves
  2743 | D:4      | Noticed an ogre
  2750 | D:4      | Killed an ogre
  2753 | D:4      | Reached XP level 7. HP: 42/54 MP: 7/7
  2753 | D:4      | Noticed Menkaure
  3042 | D:4      | Killed Menkaure
  3042 | D:4      | Reached skill level 5 in Staves
  3430 | D:5      | Entered Level 5 of the Dungeon
  3470 | D:5      | Reached XP level 8. HP: 55/61 MP: 8/8
  3522 | D:5      | Reached skill level 6 in Staves
  3756 | D:5      | Found a staircase to the Ecumenical Temple.
  3803 | Temple   | Entered the Ecumenical Temple
  3964 | Temple   | Became a worshipper of Dithmenos the Shadowed
  4401 | D:5      | Reached skill level 1 in Stealth
  4844 | D:6      | Noticed Prince Ribbit
  5210 | D:6      | Killed Prince Ribbit
  5210 | D:6      | Reached skill level 7 in Staves
  5506 | D:6      | Reached skill level 5 in Armour
  5506 | D:6      | Reached XP level 9. HP: 67/67 MP: 9/9
  5515 | D:6      | Reached * piety under Dithmenos
  5575 | D:6      | Found a hazy altar of Hepliaklqana.
  5952 | D:6      | Noticed Sigmund
  5964 | D:6      | Killed Sigmund
  5964 | D:6      | Reached skill level 5 in Fighting
  5987 | D:6      | Reached skill level 8 in Staves
  6275 | D:7      | Noticed a hippogriff
  6298 | D:7      | Killed a hippogriff
  6465 | D:7      | Reached skill level 9 in Staves
  7255 | D:7      | Noticed Joseph
  7256 | D:7      | Noticed Duvessa
  7256 | D:7      | Noticed Dowan
  7279 | D:7      | Killed Duvessa
  7288 | D:7      | Killed Joseph
  7288 | D:7      | Reached XP level 10. HP: 33/74 MP: 10/10
  7296 | D:7      | Killed Dowan
  7296 | D:7      | Reached ** piety under Dithmenos
  7932 | D:8      | Reached skill level 10 in Staves
  8262 | D:8      | Noticed Gastronok
  8825 | D:8      | Killed from afar by Gastronok

Skill      XL: |  1  2  3  4  5  6  7  8  9 10 |
---------------+-------------------------------+-----
Shields        | 4 5 6 8 |  8.7
Staves         | 3 4 5 7 9 10 | 10.5
Armour         | 4 5 6 |  6.1
Dodging        | 1 2 3 |  3.0
Fighting       | 4 5 6 |  6.1
Stealth        | 1 |  1.2

Action                   |  1- 3 |  4- 6 |  7- 9 | 10-12 || total
-------------------------+-------+-------+-------+-------++-------
Melee: Quarterstaff      |    78 |   282 |   471 |   161 ||   992
 Abil: Dig               |       |       |     6 |     2 ||     8
  Use: Scroll            |     3 |     3 |     4 |     1 ||    11
       Potion            |     1 |     2 |     2 |     2 ||     7
  Eat: Chunk             |       |     6 |    18 |     4 ||    28
       Ration            |       |       |     1 |       ||     1
Armor: Scale mail        |    62 |   152 |    26 |       ||   240
       Chain mail        |       |       |   141 |    59 ||   200
Dodge: Dodged            |    29 |   131 |   110 |    28 ||   298
Block: Shield            |    49 |   193 |   140 |       ||   382
       Large shield      |       |       |   147 |   156 ||   303
